 Dungeon Crawl Stone Soup version 0.29.1-12-g30fa7ad0bf (webtiles) character file.

Game seed: 7752409530941361575

2678 bubby the Sneak (level 9, -5/60 HPs)
             Began as an Octopode Fire Elementalist on Jan 14, 2023.
             Was an Initiate of Vehumet.
             Shot with a sling bullet by Joseph (7 damage)
             ... on level 8 of the Dungeon.
             The game lasted 00:24:55 (7897 turns).

bubby the Sneak (Octopode Fire Elementalist)        Turns: 7897, Time: 00:24:57

Health: -5/60      AC:  1    Str:  7    XL:     9   Next: 64%
Magic:  10/16      EV: 15    Int: 22    God:    Vehumet [......]
Gold:   417        SH:  0    Dex: 12    Spells: 11/18 levels left

rFire   . . .      SeeInvis .   r - staff of conjuration
rCold   . . .      Faith    .   (no shield)
rNeg    . . .      Spirit   .   (helmet restricted)
rPois   .          Reflect  .   g - amulet of magic regeneration
rElec   .          Harm     .   (no ring)
rCorr   .          Rampage  .   (no ring)
Will    .....                   (no ring)
Stlth   +++++.....              (no ring)
HPRegen 0.20/turn               (no ring)
MPRegen 0.55/turn               (no ring)
                                (no ring)
                                (no ring)

@: no status effects
A: almost no armour, amphibious, 8 rings, camouflage 1, gelatinous body 1,
(nimble swimmer 1), tentacles
a: Renounce Religion


You were on level 8 of the Dungeon.
You worshipped Vehumet.
Vehumet was noncommittal.
You visited 2 branches of the dungeon, and saw 9 of its levels.
You also visited: Ossuary.

You collected 417 gold pieces.

Inventory:

Hand Weapons
 b - a +0 dagger
Magical Staves
 r - a staff of conjuration (weapon)
 t - a staff of air
Jewellery
 g - an amulet of magic regeneration (around mantle)
 v - an amulet of faith
 D - an amulet of regeneration
Wands
 x - a wand of light (12)
 z - a wand of flame (23)
 G - a wand of roots (5)
Scrolls
 d - a scroll of torment
 i - 3 scrolls of vulnerability
 j - a scroll of blinking {unknown}
 k - a scroll of immolation
 l - 4 scrolls of fog
 m - 6 scrolls of teleportation
 n - 4 scrolls of enchant weapon
 o - a scroll of silence
 p - 2 scrolls of fear
 y - a scroll of poison
 F - 2 scrolls of noise {unknown}
 H - a scroll of amnesia {unknown}
 I - a scroll of identify
Potions
 a - a potion of magic
 c - 5 potions of haste {unknown}
 e - a potion of flight
 f - 2 potions of attraction
 h - 4 potions of lignification
 q - 3 potions of brilliance
 s - 2 potions of ambrosia {unknown}
 u - a potion of degeneration {unknown}
 w - a potion of cancellation {unknown}
 A - 4 potions of curing
 B - 2 potions of might {unknown}
 C - a potion of heal wounds {unknown}
 E - a potion of mutation


   Skills:
 + Level 4.9 Fighting
 + Level 5.5 Dodging
 + Level 7.9 Stealth
 + Level 5.1 Spellcasting
 + Level 5.2 Conjurations
 + Level 6.0 Fire Magic


You had 11 spell levels left.
You knew the following spells:

 Your Spells              Type           Power      Damage    Failure   Level
a - Foxfire               Conj/Fire      100%       2x1d9     1%          1
b - Scorch                Fire           64%        2d8       1%          2
c - Flame Wave            Conj/Fire      45%        2d12      10%         4

Your spell library contained the following spells:

 Spells                   Type           Power      Damage    Failure   Level
 Magic Dart               Conj           100%       1d8       1%          1
 Searing Ray              Conj           86%        2d7       1%          2
 Conjure Flame            Conj/Fire      45%        6-21      3%          3
 Inner Flame              Hex/Fire       19%        N/A       9%          3
 Sticky Flame             Conj/Fire      45%        2d6       10%         4
 Ignite Poison            Fire/Tmut/Pois 14%        N/A       13%         3
 Ozocubu's Armour         Ice            5%         N/A       30%         3
 Portal Projectile        Hex/Tloc       10%        N/A       30%         3
 Tukima's Dance           Hex            5%         N/A       30%         3
 Fulminant Prism          Conj/Hex       12%        3d9       32%         4
 Lightning Bolt           Conj/Air       12%        1d26      67%         5
 Airstrike                Air            2%         2d(1-17)  69%         4
 Summon Lightning Spire   Summ/Air       5%         N/A       69%         4
 Blade Hands              Tmut           2%         N/A       95%         5
 Metabolic Englaciation   Hex/Ice        2%         N/A       95%         5
 Summon Forest            Summ/Tloc      2%         N/A       95%         5
 Eringya's Noxious Bog    Tmut/Pois      2%         N/A       100%        6
 Simulacrum               Ice/Necr       2%         N/A       100%        6
 Summon Hydra             Summ           2%         N/A       100%        7


Dungeon Overview and Level Annotations

Branches:
Dungeon (8/15)             Temple (1/1) D:5         Ossuary (visited)
   Lair: D:8-11

Altars:
Ashenzari
Cheibriados
Dithmenos
Elyvilon
Fedhas
Gozag
Hepliaklqana
Kikubaaqudgha
Makhleb
Nemelex Xobeh
Okawaru
Qazlal
Ru
Sif Muna
Trog
Uskayaw
Vehumet
Wu Jian
Xom
Yredelemnul
Zin
The Shining One

Annotations:
D:5 3 runed translucent doors, Dvallin's ghost, weakling HODe
D:6 Prince Ribbit
D:8 Joseph


Innate Abilities, Weirdness & Mutations

You cannot wear most types of armour.
You are amphibious.
You can wear up to eight rings at the same time.
Your skin changes colour to match your surroundings (Stealth+).
Your rubbery body absorbs attacks. (AC +1, EV +1)
((You are camouflaged when in or above water. (Stealth+)))
You have tentacles for arms and can constrict up to eight enemies at once.


Message History

Vehumet accepts your kill.
The flame wave engulfs the orc!
You kill the orc!
Vehumet accepts your kill.
Your Fire Magic skill increases to level 6!
Magic restored.
HP restored.
You see here a +1 pair of gloves.
Found a stone staircase leading down.
I - a scroll of identify You now have 417 gold pieces (gained 10).
Joseph, a Mercenary comes into view.
He is wielding a +0 quarterstaff and carrying a wand of flame (20).
Found a scroll labelled PAUNUS YCRO.
Casting: Flame Wave (dangerous; 10% risk of failure)
Confirm with . or Enter, or press ? or * to list all spells.
Flames lash Joseph.
Joseph is lightly wounded.
Joseph's fire resistance burns away.
Joseph zaps a wand.
The puff of flame misses you.
Casting: Scorch (safe; 1% risk of failure)
Confirm with . or Enter, or press ? or * to list all spells.
Flames lash Joseph.
Joseph is burned terribly!
Joseph is heavily wounded.
Joseph unwields a +0 quarterstaff.
Joseph wields a +0 sling of flaming.
It bursts into flame!
Joseph shoots a sling bullet.
The sling bullet hits you!! The sling bullet burns you.
Casting: Scorch (safe; 1% risk of failure)
Confirm with . or Enter, or press ? or * to list all spells.
Flames lash Joseph.
Joseph is burned terribly!
Joseph is heavily wounded.
Joseph shoots a sling bullet.
The sling bullet hits you! The sling bullet burns you.
Casting: Scorch (safe; 1% risk of failure)
Confirm with . or Enter, or press ? or * to list all spells.
Flames lash Joseph.
Joseph is burned terribly!
Joseph is severely wounded.
Joseph shoots a sling bullet.
The sling bullet hits you!!
* * * LOW HITPOINT WARNING * * *
The sling bullet burns you!
You die...

#### #... #...
#..? #@.. ######
#...##....##
+...@......#
#...##.....# #...
#....##
.....##>...# #
.......#.....# ..
.......#.....#
...
..##...##....#
..# ..
######....##...##
+...........#


You could see Joseph (combustible).

Vanquished Creatures
  Sigmund (D:6)
  A wyvern (D:8)
  A wraith (Ossuary)
  Menkaure (D:4)
  2 water moccasins (D:6)
  A black bear (D:5)
  An ice beast (D:5)
  A centaur (D:7)
  2 ogres
  Blork the orc (D:4)
  2 bullfrogs (D:6)
  A necrophage (D:6)
  3 scorpions
  6 killer bees
  A gnoll bouda (D:7)
  6 orc priests
  A hound (D:6)
  A jelly (D:5)
  2 iguanas
  6 orc wizards
  A mummy (Ossuary)
  7 adders
  10 gnolls
  4 white imps (D:7)
  4 ufetubi
  2 worms
  3 dart slugs
  14 orcs
  6 bats
  4 endoplasms
  6 hobgoblins
  4 quokkas
  8 ball pythons
  6 frilled lizards
  6 gnoll skeletons (Ossuary)
  10 goblins
  4 kobolds
  6 kobold skeletons (Ossuary)
  13 orc skeletons (Ossuary)
  6 rats
165 creatures vanquished.

Vanquished Creatures (collateral kills)
  A foxfire (D:3)
1 creature vanquished.

Vanquished Creatures (others)
  596 foxfires
  17 plants (D:3)
613 creatures vanquished.

Grand Total: 779 creatures vanquished

Notes
Turn   | Place    | Note
-------+----------+-------------------------------------------
     0 | D:1      | bubby the Octopode Fire Elementalist began the quest for
                  | the Orb.
     0 | D:1      | Reached XP level 1. HP: 11/11 MP: 3/3
    49 | D:1      | You fall into a shaft and drop 1 floor!
   220 | D:2      | Reached skill level 3 in Stealth
   220 | D:2      | Reached XP level 2. HP: 17/17 MP: 0/5
   329 | D:1      | Learned a level 2 spell: Scorch
   929 | D:1      | Reached XP level 3. HP: 21/21 MP: 6/6
  2355 | D:3      | Reached XP level 4. HP: 26/27 MP: 7/7
  2362 | D:3      | Reached skill level 1 in Fighting
  2383 | D:3      | Found a sparkling altar of Nemelex Xobeh.
  2537 | D:3      | Found a glowing golden altar of the Shining One.
  2990 | D:4      | Noticed Menkaure
  3012 | D:4      | Reached XP level 5. HP: 20/33 MP: 3/8
  3134 | D:4      | Killed Menkaure
  3135 | D:4      | Reached skill level 4 in Stealth
  3135 | D:4      | Reached XP level 6. HP: 39/39 MP: 6/10
  3447 | D:4      | Reached XP level 7. HP: 18/45 MP: 5/11
  3449 | D:4      | Reached skill level 5 in Stealth
  3768 | D:4      | Noticed Blork the orc
  3780 | D:4      | Killed Blork the orc
  4199 | D:5      | Entered Level 5 of the Dungeon
  4483 | D:5      | Found an ancient bone altar of Kikubaaqudgha.
  4486 | D:5      | Found a sacrificial altar of Ru.
  4502 | D:5      | Found a basalt altar of Yredelemnul.
  4505 | D:5      | Found a shadowy altar of Dithmenos.
  4536 | D:5      | Reached XP level 8. HP: 37/52 MP: 5/13
  4631 | D:5      | Found a staircase to the Ecumenical Temple.
  4761 | D:5      | Found a runed translucent gate.
  4761 | D:5      | Found a runed translucent gate.
  4762 | D:5      | Found a runed translucent gate.
  4764 | D:5      | Identified the +1 leather armour "Akuten" {Fly}
  4764 | D:5      | Noticed Dvallin's ghost (weakling HODe)
  4888 | D:5      | Learned a level 4 spell: Flame Wave
  4938 | D:6      | Reached skill level 6 in Stealth
  4938 | D:6      | Noticed Sigmund
  4943 | D:6      | Killed Sigmund
  4994 | D:6      | Found a white marble altar of Elyvilon.
  5007 | D:6      | Reached skill level 5 in Fire Magic
  5784 | D:6      | Reached skill level 7 in Stealth
  5784 | D:6      | Reached XP level 9. HP: 58/58 MP: 10/15
  5824 | D:6      | Found an iron altar of Okawaru.
  5835 | D:6      | Reached skill level 5 in Dodging
  5881 | D:6      | Noticed Prince Ribbit
  5881 | D:6      | Noticed a two-headed ogre
  6098 | D:7      | Identified the +0 leather armour of Exclusion {Rampage rN+}
  6189 | D:7      | Reached skill level 5 in Conjurations
  6198 | D:7      | HP: 1/59 [white imp/puff of frost (10)]
  6205 | D:7      | Found a sand-covered staircase.
  6211 | Ossuary  | Entered an ossuary
  6692 | Ossuary  | Reached skill level 5 in Spellcasting
  7036 | D:7      | Found a stormy altar of Qazlal.
  7638 | Temple   | Entered the Ecumenical Temple
  7722 | Temple   | Became a worshipper of Vehumet
  7891 | D:8      | Noticed Joseph
  7897 | D:8      | HP: 2/60 [Joseph/sling bullet (18)]
  7897 | D:8      | Shot with a sling bullet by Joseph

Illustrated notes

Levels and vault maps discovered:
D:1:      dpeg_arrival_windows_large_door, layout_loops_corners,
          minmay_tetromino_o4
D:2:      layout_basic
D:3:      layout_basic, mainiacjoe_overflow_chevrons, mainiacjoe_overflow_paths,
          grunt_ministairs_9, nrook_loot_triangle, chequers_decorated_corner,
          minmay_circle_x
D:4:      layout_basic, uniq_blork_the_orc, uniq_menkaure
D:5:      layout_gridville, grunt_temple_overflow_cloverleaf,
          minmay_temple_entry_proselytizer, biasface_ghost_orc_armoury
D:6:      layout_basic, okawaru_trees_1, old_standard_altar,
          kennysheep_generic_room_11, uniq_prince_ribbit1, uniq_sigmund
D:7:      layout_basic, grunt_qazlal_clouds, enter_bailey_5,
          nicolae_ossuary_entry_plus
D:8:      layout_gridville, uniq_pikel, uniq_joseph, uniq_gastronok
Temple:   nicolae_temple_bog_church

Skill      XL: |  1  2  3  4  5  6  7  8  9 |
---------------+----------------------------+-----
Stealth        | 3 4 5 7 |  7.9
Fighting       | 1 2 3 4 |  4.9
Conjurations   | 2 3 4 5 |  5.2
Dodging        | 3 4 5 |  5.5
Fire Magic     | 4 5 6 |  6.0
Spellcasting   | 3 4 5 |  5.1

Action                   |  1- 3 |  4- 6 |  7- 9 || total
-------------------------+-------+-------+-------++-------
Melee: Dagger            |    34 |    12 |       ||    46
       Tentacles         |     6 |     4 |     5 ||    15
       Constrict         |     8 |     5 |     4 ||    17
       Staff             |       |     5 |    17 ||    22
 Cast: Foxfire           |    79 |    78 |   215 ||   372
       Scorch            |       |     6 |    47 ||    53
       Flame Wave        |       |       |     4 ||     4
  Use: Potion            |       |     4 |     3 ||     7
       Scroll            |       |       |    11 ||    11
 Stab: Sleeping          |    11 |     2 |     1 ||    14
Armor: Skin              |     3 |    15 |     5 ||    23
Dodge: Dodged            |    18 |    12 |    46 ||    76
